Workbook
Name Код_статуса: '[1]Статусы ТП'!$A$2:$A$12

Sheet Титул
B2: Информация об организации
B4: Полное наименование | C4: Филиал Публичного Акционерного Общества «Россети Северный Кавказ» - «Ставропольэнерго»
B5: Сокращенное наименование | C5: Филиал ПАО «Россети Северный Кавказ» - «Ставропольэнерго»
B6: Место нахождения | C6: ул. Университетская, 35, г. Пятигорск, Ставропольский край, 357500
B7: Фактический адрес | C7: ул. Университетская, 35, г. Пятигорск, Ставропольский край, 357500
B8: ИНН | C8: 2632082033
B9: КПП | C9: 263243001
B10: Ф.И.О. руководителя | C10: Демчак Игорь Вячеславович
B11: Адрес электронной почты | C11: info@stv.rossetisk.ru
B12: Контактный телефон | C12: (8793) 39-23-53, (8793) 36-35-86
B13: Факс | C13: (8793) 97-35-02

Sheet 28а) ПР1
F1: Приложение № 1 к Методическим указаниям по определению размера платы за технологическое присоединение к электрическим сетям
A2: Расходы на строительство введенных в эксплуатацию объектов электросетевого хозяйства для целей технологического присоединения и для целей реализации иных мероприятий инвестиционной программы, а также на обеспечение средствами коммерческого учета электрической энергии (мощности) филиала ПАО "Россети Северный Кавказ" - "Ставропольэнерго" за 2021 - 2023 гг.
A3: код ставки | B3: Объект электросетевого хозяйства/Средство коммерческого учета электрической энергии (мощности) | C3: Год ввода объекта | D3: Уровень напряжения, кВ | E3: Протяженность (для линий электропередачи), метров/Количество пунктов секционирования, штук/количество точек учета, штук | F3: Максимальная мощность, кВт | G3: Расходы на строительство объекта/на обеспечение средствами коммерческого учета электрической энергии (мощности), тыс. руб.
A4: 1 | B4: =A4+1 -> 2 | C4: =B4+1 -> 3 | D4: =C4+1 -> 4 | E4: =D4+1 -> 5 | F4: =E4+1 -> 6 | G4: =F4+1 -> 7
A5: 2 | B5: Строительство воздушных линий
A6: 2.2 | B6: Материал опоры - Металлические
A7: 2.2.1 | B7: Тип провода - Изолированный
A8: 2.2.1.3 | B8: Материал провода - Сталеалюминиевый
A9: 2.2.1.3.3 | B9: Сечение провода от 100 мм2 до 200 мм2 включительно
A10: 2.2.1.3.3.1.1 | B10: Однцепные, за исключением многогранных опорах | D10: =SUM(D11) -> 110 | E10: =SUM(E11) -> 60 | F10: =SUM(F11) -> 3000 | G10: =SUM(G11) -> 1387.5681
A11: 2.2.1.3.3.1.1 | B11: Реконструкция ВЛ-110кВ ПС"НС-11П"-ПС"НС-9П"-"НС-14" для тех. присоединения ЭПУ системы орошения, расположенных по адресу: Ставропольский край, Петровский район, с. Гофицкое | C11: 2022 | D11: 110 | E11: 60 | F11: 3000 | G11: 1387.5681
A12: 2.2.2 | B12: Тип провода - Неизолированный
A13: 2.2.2.3 | B13: Материал провода - Сталеалюминиевый
A14: 2.2.2.3.2 | B14: Сечение провода от 50 мм2 до 100 мм2 включительно
A15: 2.2.2.3.2.1.1 | B15: Однцепные, за исключением многогранных опорах | D15: =SUM(D16) -> 35 | E15: =SUM(E16) -> 648 | F15: =SUM(F16) -> 9000 | G15: =SUM(G16) -> 8357.834
A16: 2.2.2.3.2.1.1 | B16: Строительство BЛ 35 кВ от BЛ 35 кВ Терская - Кара-Тюбе (Л-560) до границы земельного участка ООО «ЭнергоМИН» для осуществления технологического присоединения энергопринимающих устройств Горько-Балковской Малой ГЭС в Нефтекумском районе Ставропольского края» для нужд филиала ПАО «Россети Северный Кавказ» - «Ставропольэнерго» | C16: 2021 | D16: 35 | E16: 648 | F16: 9000 | G16: 8357.834
A17: 2.2.2.3.3 | B17: Сечение провода от 100 мм2 до 200 мм2 включительно
A18: 2.2.2.3.3.1.1 | B18: Однцепные, за исключением многогранных опорах | D18: =D19 -> 110 | E18: =SUM(E19) -> 360 | F18: =SUM(F19) -> 60000 | G18: =SUM(G19) -> 5397.5997
A19: 2.2.2.3.3.1.1 | B19: Строительство ВЛ 110 кВ от опоры № 105 ВЛ 110 кВ Новоалександровская - Красная Заря (Л-260) до РУ 110 кВ Кармалиновской ВЭС, техническое перевооружение ПС 110 кВ Новоалександровская и ПС 110 кВ Красная Заря для технологического присоединения объектов по производству электрической энергии Акционерного общества «Ветроэнергетическая Отдельная Генерирующая Компания» (Кармалиновская ВЭС) «под ключ» | C19: 2021 | D19: 110 | E19: 360 | F19: 60000 | G19: 5397.5997
A20: 2.2.2.3.3.2.1 | B20: Двухцепные, за исключением многогранных опорах | D20: =D21 -> 110 | E20: =SUM(E21) -> 2165.6 | F20: =SUM(F21) -> 120000 | G20: =SUM(G21) -> 54779.47
A21: 2.2.2.3.3.2.1 | B21: Реконструкция ВЛ 110 кВ Николина Балка – Ипатово (Л-53) в части строительства заходов на Бондаревскую ВЭС, включая реконструкцию ПС 110 кВ Светлоград, ПС 110 кВ Ипатово и ПС 110 кВ Николина Балка, для технологического присоединения объектов по производству электрической энергии АО «Ветроэнергетическая отдельная генерирующая компания» | C21: 2021 | D21: 110 | E21: 2165.6 | F21: 120000 | G21: 54779.47
A22: 2.3 | B22: Материал опоры - Железобетонные
A23: 2.3.1. | B23: Тип провода Изолированный
A24: 2.3.1.4. | B24: Материал провода - Алюминиевый
A25: 2.3.1.4.1 | B25: Сечение провода до 50 мм2 включительно
A26: 2.3.1.4.1.1 | B26: Одноцепные | E26: =SUM(E27:E739) -> 133041.71 | F26: =SUM(F27:F739) -> 24927.6 | G26: =SUM(G27:G739) -> 170731.52
A27: 2.3.1.4.1.1 | B27: Реконструкция ВЛ-10 кВ Ф-123 ПС 35/10 кВ «Марьинская», строительство ТП-10/0,4 кВ и ЛЭП-0,4кВ, для осуществления технологического присоединения энергопринимающих устройств коровника находящегося примерно 3 км по направлению на северо-восток от ориентира СХП «Марьинское» Кировского района | C27: 2021 | D27: 0.4 | E27: 10 | F27: 15 | G27: 36.9034
A28: 2.3.1.4.1.1 | B28: «Реконструкция ВЛ-10кВ Ф-913, строительство ТП-10/0,4 кВ для тех. присоединения ЭПУ объектов с/х назначения, в с. Белые Копани | C28: 2021 | D28: 10 | E28: 15 | F28: 45 | G28: 71.18671
A29: 2.3.1.4.1.1 | B29: «Реконструкция ВЛ-10кВ Ф-826 ПС 35/10 кВ «Киевская», строительство ТП-10/0,4 кВ, строительство ВЛ-0,4 кВ для осуществления технологического присоединения | C29: 2021 | D29: 10 | E29: 15 | F29: 15 | G29: 77.14264
A30: 2.3.1.4.1.1 | B30: «Реконструкция ВЛ-10кВ Ф-826 ПС 35/10 кВ «Киевская», строительство ТП-10/0,4 кВ, строительство ВЛ-0,4 кВ для осуществления технологического присоединения | C30: 2021 | D30: 0.4 | E30: 20 | F30: 15 | G30: 46.20991
A31: 2.3.1.4.1.1 | B31: Реконструкция ВЛ-10кВ Ф-064 ПС 35/10 кВ «Донская Балка», для осуществления тех.присоединения энергопринимающих устройств объектов с/х назначения | C31: 2021 | D31: 10 | E31: 720 | F31: 15 | G31: 678.21196
A32: 2.3.1.4.1.1 | B32: Строительство ВЛ-0,4кВ от ТП 7/095 для тех.присоединения ЭПУ объектов ЛПХ в с.Ореховка | C32: 2021 | D32: 0.4 | E32: 385 | F32: 10 | G32: 211.04361
A33: 2.3.1.4.1.1 | B33: Реконструкция ВЛ-0,4 кВ Ф-2 ТП-14/313 для тех. присоединения ЭПУ храма в с. Б. Джалга Ипатовского ГО | C33: 2021 | D33: 0.4 | E33: 50 | F33: 15 | G33: 57.88921
A34: 2.3.1.4.1.1 | B34: Реконструкция ВЛ-10 Ф-082, строительство ВЛ-0,4 кВ и ТП-10/0,4 кВ для тех. присоединения ЭПУ вагончика в с. Константиновское, ул. Гагарина 2а | C34: 2021 | D34: 0.4 | E34: 10 | F34: 15 | G34: 35.99022
A35: 2.3.1.4.1.1 | B35: Реконструкция ВЛ-10 Ф-082, строительство ВЛ-0,4 кВ и ТП-10/0,4 кВ для тех. присоединения ЭПУ вагончика в с. Константиновское, ул. Гагарина 2а | C35: 2021 | D35: 10 | E35: 15 | F35: 15 | G35: 71.87274
A36: 2.3.1.4.1.1 | B36: Реконструкция ВЛ-10 Ф-770, строительство ВЛ-0,4кВ и ТП-10/0,4кВ для тех. присоединения жилого дома для животноводов в с.Кучерла Туркменского района | C36: 2021 | D36: 10 | E36: 65 | F36: 15 | G36: 189.04038
A37: 2.3.1.4.1.1 | B37: Реконструкция ВЛ-10 Ф-770, строительство ВЛ-0,4кВ и ТП-10/0,4кВ для тех. присоединения жилого дома для животноводов в с.Кучерла Туркменского района | C37: 2021 | D37: 0.4 | E37: 10 | F37: 15 | G37: 52.18705
A38: 2.3.1.4.1.1 | B38: Реконструкция ВЛ 0,4 кВ от ТП-6/320 для осуществления технологического присоединения энергопринимающих устройств строящегося ж/дома по ул. Колхозная,33 в ст.Новотроицкая Изобильненского р-на | C38: 2021 | D38: 0.4 | E38: 105 | F38: 15 | G38: 93.39876
... A284: 2.3.1.4.1.1 | B284: Реконструкция ВЛ 10 кВ Ф-137 ПС 35 кВ Юцкая, строительство ТП-10/0,4 кВ и ВЛ 0,4 кВ для тех. присоединения ЭПУ стройплощадки в ст. Ессентукская, (Кад № 26:29:110510:79). | C284: 2022 | D284: 0.4 | E284: 15 | F284: 15 | G284: 47.02619
A285: 2.3.1.4.1.1 | B285: Реконструкция (вынос участка) ВЛ 0,4 кВ Ф-1 ТП-382/131 ПС 110 кВ Ессентуки-2 в п. Санамер, ул. Тельмана, д. 1 | C285: 2022 | D285: 0.4 | E285: 100 | G285: 135.75595
A286: 2.3.1.4.1.1 | B286: Реконструкция ВЛ 0,4 кВ Ф-4 ТП-158/162 ПС 110 кВ Железноводская для тех. присоединения ЭПУ жилого дома в п. Железноводский, ул. Сульфатная, д. 21А». | C286: 2022 | D286: 0.4 | E286: 150 | F286: 15 | G286: 154.82128
A287: 2.3.1.4.1.1 | B287: Реконструкция ВЛ 0,4 кВ ТП-1186/103 ПС 35 кВ Юцкая для тех. присоединения ЭПУ жилого дома в х. Новая Пролетарка, ул. Пятигорская, д. 68» | C287: 2022 | D287: 0.4 | E287: 149 | F287: 15 | G287: 176.39428
A288: 2.3.1.4.1.1 | B288: Реконструкция ВЛ 0,4 Ф-3 кВ ТП-66/335 ПС 110 кВ Белый Уголь для осуществления технологического присоединения энергопринимающих устройств жилого дома в ст. Ессентукская, ул. Баррикадная, д. 110» | C288: 2022 | D288: 0.4 | E288: 200 | F288: 15 | G288: 221.9895
A289: 2.3.1.4.1.1 | B289: Строительство ВЛ 0,4 кВ ТП-5/162 ПС 110 кВ Железноводская для тех. присоединения ЭПУ нежилого здания в х. Быкогорка, СПК Железноводский, (кад. № 26:29:000000:0000:1472/132:1000/Б)». | C289: 2022 | D289: 0.4 | E289: 54 | F289: 15 | G289: 100.39927
A290: 2.3.1.4.1.1 | B290: Реконструкция ВЛ 0,4 кВ ТП-348/162 ПС 110 кВ Железноводская для тех. присоединения ЭПУ строй площадки в п. Железноводский, ул. Тихая, д. 1Б». | C290: 2022 | D290: 0.4 | E290: 103 | F290: 15 | G290: 104.72765
A291: 2.3.1.4.1.1 | B291: Реконструкция ВЛ 10 кВ Ф-161 ПС 110 кВ Железноводская и строительство ТП-10/0,4 кВ для тех. присоединения ЭПУ стройплощадки в п. Змейка, ул. Пушкина, д. 6А. | C291: 2022 | D291: 10 | E291: 10 | F291: 30 | G291: 103.37215
A292: 2.3.1.4.1.1 | B292: Реконструкция ВЛ 0,4 кВ ТП-18/388 ПС 35 кВ Овощевод для тех. присоединения ЭПУ садового домика в п. Первомайский, С/Т Колос, уч. 263 а» | C292: 2022 | D292: 0.4 | E292: 50 | F292: 15 | G292: 63.76597
A293: 2.3.1.4.1.1 | B293: Строительство ВЛ 0,4 кВ ТП-68/161 ПС 110 кВ Железноводская для тех. присоединения ЭПУ стройплощадки в Минераловодском ГО (Кад. № 26:23:000000:5/1)». | C293: 2022 | D293: 0.4 | E293: 61 | F293: 15 | G293: 57.96392
A294: 2.3.1.4.1.1 | B294: Реконструкция ВЛ 0,4 кВ ТП-19/388 ПС 35 кВ Овощевод для тех. присоединения ЭПУ жилого дома в п. Загорский, ул. Южная, (Кад. № 26:23:080814:135)». | C294: 2022 | D294: 0.4 | E294: 185 | F294: 15 | G294: 130.25205
A295: 2.3.1.4.1.1 | B295: Реконструкция ВЛ 0,4 кВ ТП-1/612 ПС 110 кВ Мин-Воды-2 для тех. присоединения ЭПУ жилого дома в п. Ленинский, ул. Центральная, д. 145». | C295: 2022 | D295: 0.4 | E295: 210 | F295: 15 | G295: 188.0905
A296: 2.3.1.4.1.1 | B296: Реконструкция ВЛ 0,4 кВ ТП-66/161 ПС 110 кВ Железноводская для тех. присоединения ЭПУ жилого дома в п. Змейка, ул. Виноградная, д. 21. | C296: 2022 | D296: 0.4 | E296: 117 | F296: 15 | G296: 108.47761
A297: 2.3.1.4.1.1 | B297: Реконструкция ВЛ 0,4 кВ Ф-1 ТП-61/161 от ПС 110 Железноводская для осуществления технологического присоединения энергопринимающих устройств жилого дома в п. Змейка, ул. Березовая, д. 31» | C297: 2022 | D297: 0.4 | E297: 205 | F297: 15 | G297: 236.61385
... A319: 2.3.1.4.1.1 | B319: Реконструкция ВЛ-0,4 кВ Ф-3 от МТП-2035/122, для тех. присоединения жилого дома по ул.Крайняя 58/13, ст.Марьинская Кировского района | C319: 2022 | D319: 0.4 | E319: 143 | F319: 7 | G319: 117.5068
A320: 2.3.1.4.1.1 | B320: Реконструкция ВЛ-0,4 кВ Ф-2 от ТП-1581/191 для технологического присоединения жилого дома по пер. Карьерный дом № 20 и РУ-0,4 кВ на земельном участке по пер. Карьерный дом № 14а, Лысогорская ст-ца Георгиевский городской округ Ставропольский край | C320: 2022 | D320: 0.4 | E320: 77 | F320: =15+15 -> 30 | G320: 60.09929
A321: 2.3.1.4.1.1 | B321: Реконструкция ВЛ-0,4 кВ ф-1 от ТП-3681/284, для тех. присоединения РУ-0,4 кВ на земельном участке (26:36:051206:1070) п.Ага-Батыр Курского района | C321: 2022 | D321: 0.4 | E321: 33 | F321: 15 | G321: 61.0952
A322: 2.3.1.4.1.1 | B322: Реконструкция ВЛ-0,4 кВ Ф-2 от ТП-1484/292 для технологического присоединения РУ-0,22 кВ на земельном участке по ул.Георгиевская 140, в с.Краснокумское Георгиевского городского округа | C322: 2022 | D322: 0.4 | E322: 42 | F322: 4.5 | G322: 28.39901
A323: 2.3.1.4.1.1 | B323: Реконструкция ВЛ-0,4 кВ Ф-1 от КТП-2150/474, для технологического присоединения РУ-0,4 кВ на земельном участке по ул.Первомайская 32, ст.Зольская, Кировского района | C323: 2022 | D323: 0.4 | E323: 67 | F323: 15 | G323: 66.22147
A324: 2.3.1.4.1.1 | B324: Реконструкция ВЛ-0,4 кВ ф-3 ТП-3302/332, для тех. присоединения амбулатории по адресу: (26:36:110701:888) МО ст.Стодеревская Курского района | C324: 2022 | D324: 0.4 | E324: 33 | F324: 31 | G324: 33.61033
A325: 2.3.1.4.1.1 | B325: Реконструкция ВЛ-10 кВ Ф-111 ПС «Комсомолец», строительство ТП-10/0,4 кВ и ВЛ-0,4 кВ для технологического присоединения РУ-0,4 кВ расположенное на земельном участке в п. Фазанный Кировского района. | C325: 2022 | D325: 10 | E325: 27 | F325: 15 | G325: =131.5468-28.673 -> 102.8738
A326: 2.3.1.4.1.1 | B326: Реконструкция ВЛ-10 кВ Ф-111 ПС «Комсомолец», строительство ТП-10/0,4 кВ и ВЛ-0,4 кВ для технологического присоединения РУ-0,4 кВ расположенное на земельном участке в п. Фазанный Кировского района. | C326: 2022 | D326: 0.4 | E326: 225 | F326: 15 | G326: =352.9828-41.038 -> 311.9448
A327: 2.3.1.4.1.1 | B327: Реконструкция ВЛ-0,4 кВ Ф-1 от ТП-2264/449 для технологического присоединения жилого дома по ул.Светлая 1, и РУ-0,4 кВ на земельном участке по ул.Светлая 29, ст.Старопавловская Кировского района | C327: 2022 | D327: 0.4 | E327: 382 | F327: 30 | G327: 235.91493
A328: 2.3.1.4.1.1 | B328: Реконструкция ВЛ-0,4 кВ Ф-1 от ТП-2754/157 для тех. прис. РУ-0,4 кВ на земельном участке по ул.Орджоникидзе 122, ст.Советская Кировского района | C328: 2022 | D328: 0.4 | E328: 402 | F328: 15 | G328: 156.24404
A329: 2.3.1.4.1.1 | B329: Реконструкция ВЛ-0,4 кВ Ф-2 ТП-3354/356, для технологического присоединения РУ-0,22 кВ на земельном участке по ул. Строительная, дом 1а, в с.Русское Курского района | C329: 2022 | D329: 0.4 | E329: 587 | F329: 10 | G329: 300.11807
A330: 2.3.1.4.1.1 | B330: Реконструкция ВЛ-0,4 кВ Ф-2 от ТП-3176/451 для технологического присоединения РУ-0,22 кВ по ул.Степная, х.Привольный Курского района | C330: 2022 | D330: 0.4 | E330: 32 | F330: 10 | G330: 29.16173
A331: 2.3.1.4.1.1 | B331: Реконструкция ВЛ-0,4 кВ Ф-2 от ТП-3166/227 для технологического присоединения РУ-0,4 кВ на земельном участке (26:36:051611:233) по ул.Южная, с.Полтавское Курского района | C331: 2022 | D331: 0.4 | E331: 54 | F331: 15 | G331: 55.77365
A332: 2.3.1.4.1.1 | B332: Реконструкция ВЛ-0,4 кВ Ф-3 от ТП-4132/281 для технологического присоединения РУ-0,4 кВ на земельном участке по ул. Школьная 1 г, с. Богдановка, Степновский муниципальный район | C332: 2022 | D332: 0.4 | E332: 81 | F332: 15 | G332: 69.41172
A333: 2.3.1.4.1.1 | B333: Строительство ВЛ-0,4 кВ Ф-4 ТП-2226/110 для технологического присоединения РУ-0,4 кВ на земельном участке по ул.Мира 66, п.Комсомолец, Кировского района | C333: 2022 | D333: 0.4 | E333: 315 | F333: 15 | G333: 218.16938
A334: 2.3.1.4.1.1 | B334: Реконструкция ВЛ-0,4 кВ Ф-1 от ТП-3228/356 для технологического присоединения РУ-0,22 кВ на земельном участке по ул.Солнечная 1д, с.Русское Курского района | C334: 2022 | D334: 0.4 | E334: 51 | F334: 10 | G334: 49.74197
A335: 2.3.1.4.1.1 | B335: Реконструкция ВЛ-0,4 кВ Ф-2 от ТП-4217/233 для технологического присоединения жилого дома по ул.Почтовая 138, с.Соломенское Степновского района | C335: 2022 | D335: 0.4 | E335: 79 | F335: 10 | G335: 29.76396
A336: 2.3.1.4.1.1 | B336: Реконструкция ТП-2333/441 ПС «Старопавловская» и строительство ВЛ-0,4 кВ ф-4 для тех. присоединения фельдшерско-акушерского пункта по ул.Солнечная, х.Крупско-Ульяновский Кировского района | C336: 2022 | D336: 0.4 | E336: 487 | F336: 19 | G336: 301.48148
A337: 2.3.1.4.1.1 | B337: Реконструкция ВЛ 0,4 кВ от ТП-4/279 для технологического присоединения жилого дома по адресу: ул. Новая 1 с. Московское Изобильненского района» | C337: 2022 | D337: 0.4 | E337: 266 | F337: 10 | G337: 146.5726
A338: 2.3.1.4.1.1 | B338: Реконструкция ВЛ-10кВ Ф-101, строительство ТП-10/0,4 кВ, строительство ВЛ-0,4 кВ для технологического присоединения земельных участков для садоводства в мкр. Пионерный, садовое общество «Строитель-1» Изобильненского района | C338: 2022 | D338: 0.4 | E338: =100/3 -> 33.333333 | F338: =45/3 -> 15 | G338: =88.695/3 -> 29.565
A339: 2.3.1.4.1.1 | B339: Реконструкция ВЛ-10кВ Ф-101, строительство ТП-10/0,4 кВ, строительство ВЛ-0,4 кВ для технологического присоединения земельных участков для садоводства в мкр. Пионерный, садовое общество «Строитель-1» Изобильненского района | C339: 2022 | D339: 0.4 | E339: =100/3 -> 33.333333 | F339: =45/3 -> 15 | G339: =88.695/3 -> 29.565
A340: 2.3.1.4.1.1 | B340: Реконструкция ВЛ-10кВ Ф-101, строительство ТП-10/0,4 кВ, строительство ВЛ-0,4 кВ для технологического присоединения земельных участков для садоводства в мкр. Пионерный, садовое общество «Строитель-1» Изобильненского района | C340: 2022 | D340: 0.4 | E340: =100/3 -> 33.333333 | F340: =45/3 -> 15 | G340: =88.695/3 -> 29.565
A341: 2.3.1.4.1.1 | B341: Реконструкция ВЛ-10кВ Ф-101, строительство ТП-10/0,4 кВ, строительство ВЛ-0,4 кВ для технологического присоединения земельных участков для садоводства в мкр. Пионерный, садовое общество «Строитель-1» Изобильненского района | C341: 2022 | D341: 10 | E341: =13/3 -> 4.3333333 | F341: =45/3 -> 15 | G341: 62.44441
A342: 2.3.1.4.1.1 | B342: Реконструкция ВЛ-10кВ Ф-101, строительство ТП-10/0,4 кВ, строительство ВЛ-0,4 кВ для технологического присоединения земельных участков для садоводства в мкр. Пионерный, садовое общество «Строитель-1» Изобильненского района | C342: 2022 | D342: 10 | E342: =13/3 -> 4.3333333 | F342: =45/3 -> 15 | G342: 62.44441
A343: 2.3.1.4.1.1 | B343: Реконструкция ВЛ-10кВ Ф-101, строительство ТП-10/0,4 кВ, строительство ВЛ-0,4 кВ для технологического присоединения земельных участков для садоводства в мкр. Пионерный, садовое общество «Строитель-1» Изобильненского района | C343: 2022 | D343: 10 | E343: =13/3 -> 4.3333333 | F343: =45/3 -> 15 | G343: 62.44441
A344: 2.3.1.4.1.1 | B344: Реконструкция ВЛ-10 кВ Ф-130 ПС Сенгилеевская ГЭС, строительство ТП-10/0,4 кВ, ВЛ-0,4 кВ для осуществления технологического присоединения энергопринимающих устройств на земельном участке с кадастровым номером 26:11:070201:25 в х. Садовый, Шпаковского района | C344: 2022 | D344: 10 | E344: 806 | F344: 15 | G344: =1240.644+21.29+50.99 -> 1312.924
A345: 2.3.1.4.1.1 | B345: Реконструкция Ф-148 ПС Георгиевская, строительство ТП-10/0,4 кВ, ВЛ-0,4 кВ для осуществления технологического присоединения энергопринимающих устройств фермы, 357025, Ставропольский край, Кочубеевский район, ориентир юго-восточная окраина хутора Рощинский, примерно 700 м по направлению юго-восток | C345: 2022 | D345: 10 | E345: 1902 | F345: 15 | G345: =2504.682+125.968 -> 2630.65
A346: 2.3.1.4.1.1 | B346: Реконструкция Ф-148 ПС Георгиевская, строительство ТП-10/0,4 кВ, ВЛ-0,4 кВ для осуществления технологического присоединения энергопринимающих устройств фермы, 357025, Ставропольский край, Кочубеевский район, ориентир юго-восточная окраина хутора Рощинский, примерно 700 м по направлению юго-восток | C346: 2022 | D346: 0.4 | E346: 10 | F346: 15 | G346: =68.072+3.149 -> 71.221
A347: 2.3.1.4.1.1 | B347: Реконструкция ВЛ-10 кВ Ф-166 ПС Ставрополь-330, строительство ТП-10/0,4 кВ, ВЛ-0,4 кВ для осуществления технологического присоединения энергопринимающих устройств жилого дома по ул. Весенняя и ул. Добрая, с. Надежда, Шпаковского района "под ключ" | C347: 2022 | D347: 10 | E347: 246 | F347: 15 | G347: 821.203
A348: 2.3.1.4.1.1 | B348: Реконструкция ВЛ-10 кВ Ф-166 ПС Ставрополь-330, строительство ТП-10/0,4 кВ, ВЛ-0,4 кВ для осуществления технологического присоединения энергопринимающих устройств жилого дома по ул. Весенняя и ул. Добрая, с. Надежда, Шпаковского района "под ключ" | C348: 2022 | D348: 0.4 | E348: 422 | F348: 15 | G348: 867.302
A349: 2.3.1.4.1.1 | B349: Реконструкция ВЛ-0,4 кВ Ф-1 от ТП-40/231 ВЛ-10 кВ Ф-231 ПС Балахоновская для технологического присоединения энергопринимающих устройств жилого дома по ул. Восточная, 4, ст. Барсуковская | C349: 2022 | D349: 0.4 | E349: 441 | F349: 15 | G349: 185.55768
A350: 2.3.1.4.1.1 | B350: Реконструкция ВЛ-0,4 кВ Ф-1 от ТП-1/119 ВЛ-10 кВ Ф-119 ПС Темнолесская для технологического присоединения энергопринимающих устройств жилого дома по ул. Светлая, 14, станица Темнолесская | C350: 2022 | D350: 0.4 | E350: 265 | F350: 8 | G350: 187.91681
A351: 2.3.1.4.1.1 | B351: Реконструкция ВЛ-0,4 кВ Ф-1 от ТП-43/157 ВЛ-10 кВ Ф-157 ПС Пригородная для технологического присоединения энергопринимающих устройств жилых домов по ул. Красноармейская, с. Татарка | C351: 2022 | D351: 0.4 | E351: 206 | F351: =15+15+15+15+15+15 -> 90 | G351: 236.06814
A352: 2.3.1.4.1.1 | B352: Реконструкция ВЛ-0,4 кВ Ф-1 от ТП-9/131 ВЛ-10 кВ Ф-131 ПС Сенгилеевская ГЭС для технологического присоединения энергопринимающих устройств жилого дома по ул. Пионерская, 3, с. Сенгилеевское | C352: 2022 | D352: 0.4 | E352: 461 | F352: 15 | G352: 120.75104
A353: 2.3.1.4.1.1 | B353: Реконструкция ВЛ-0,4 кВ Ф-2 от ТП-19/101 ВЛ-10 кВ Ф-101 ПС Рыбхоз для технологического присоединения энергопринимающих устройств жилых домов по ул. Южная, ст. Новомарьевская | C353: 2022 | D353: 0.4 | E353: 343 | F353: =15+12 -> 27 | G353: 124.60071
A354: 2.3.1.4.1.1 | B354: Реконструкция ВЛ-0,4 кВ Ф-1 от ТП-16/157 ВЛ-10 кВ Ф-157 ПС Пригородная для технологического присоединения энергопринимающих устройств жилых домов по ул. Островского, с. Татарка | C354: 2022 | D354: 0,4 | E354: 127 | F354: =8+6 -> 14 | G354: 123.44798
A355: 2.3.1.4.1.1 | B355: Строительство ВЛ-0,4 кВ от ТП-6/165 ВЛ-10 кВ Ф-165 ПС 330 кВ Ставрополь для технологического присоединения энергопринимающих устройств объекта сельскохозяйственного производства по ул. Подгорная, 2, с. Надежда | C355: 2022 | D355: 0.4 | E355: 78 | F355: 15 | G355: 78.48614
A356: 2.3.1.4.1.1 | B356: Реконструкция ВЛ-0,4 кВ Ф-1 от ТП-31/122 ВЛ-10 кВ Ф-122 ПС Темнолесская для технологического присоединения энергопринимающих устройств жилого дома по ул. Кунакова, 1, п. Цимлянский | C356: 2022 | D356: 0.4 | E356: 225 | F356: 15 | G356: 143.77023
A357: 2.3.1.4.1.1 | B357: Реконструкция ВЛ-0,4 кВ Ф-3 от ТП-29/157 ВЛ-10 кВ Ф-157 ПС Пригородная для технологического присоединения энергопринимающих устройств жилого дома по ул. Чехова, 9/1, с. Татарка | C357: 2022 | D357: 0.4 | E357: 59 | F357: 15 | G357: 70.28145
A358: 2.3.1.4.1.1 | B358: Реконструкция ВЛ-0,4 кВ Ф-1 от ТП-7/104 ВЛ-10 кВ Ф-104 ПС Воронежская для технологического присоединения энергопринимающих устройств жилого дома по ул. Солнечная, 2А, с. Ивановское | C358: 2022 | D358: 0.4 | E358: 123 | F358: 15 | G358: 78.97569
A359: 2.3.1.4.1.1 | B359: Реконструкция ВЛ-0,4 кВ Ф-1 от ТП-1/170 ВЛ-10 кВ Ф-170 ПС 330 кВ Ставрополь для технологического присоединения энергопринимающих устройств жилого дома по ул. Северная, 27, с. Старомарьевка | C359: 2022 | D359: 0,4 | E359: 127 | F359: 7 | G359: 122.51718
A360: 2.3.1.4.1.1 | B360: Реконструкция Ф-117 ПС Родники, строительство ТП-10/0,4 кВ, ВЛ-0,4 кВ для осуществления технологического присоединения энергопринимающих устройств нежилого здания,овчарня, 357027, Ставропольский край, р-н Кочубеевский, х. Сотникова" | C360: 2022 | D360: 10 | E360: 2350 | F360: 15 | G360: =4040.17324+311.73402+45.43273 -> 4397.34
A361: 2.3.1.4.1.1 | B361: Реконструкция Ф-117 ПС Родники, строительство ТП-10/0,4 кВ, ВЛ-0,4 кВ для осуществления технологического присоединения энергопринимающих устройств нежилого здания,овчарня, 357027, Ставропольский край, р-н Кочубеевский, х. Сотникова" | C361: 2022 | D361: 0.4 | E361: 10 | F361: 15 | G361: =45.05759+1.62629 -> 46.68388
A362: 2.3.1.4.1.1 | B362: Реконструкция ВЛ-0,4 кВ Ф-2 от ТП-20/177 ВЛ-10 кВ Ф-177 ПС Южная для технологического присоединения энергопринимающих устройств жилого дома по бульвару Архитекторов, 81, г. Ставрополь | C362: 2022 | D362: 0.4 | E362: 78 | F362: 15 | G362: 67.39792
A363: 2.3.1.4.1.1 | B363: Реконструкция ВЛ-0,4 кВ Ф-1 от ТП-20/177 ВЛ-10 кВ Ф-177 ПС Южная для технологического присоединения энергопринимающих устройств жилого дома по пер. Базальтовый, 8, г. Ставрополь | C363: 2022 | D363: 0,4 | E363: 49 | F363: 8 | G363: 45.17898
A364: 2.3.1.4.1.1 | B364: Реконструкция ВЛ-0,4 кВ Ф-2 от ТП-20/177 ВЛ-10 кВ Ф-177 ПС Южная для технологического присоединения энергопринимающих устройств жилого дома по бульвару Архитекторов, 89, г. Ставрополь | C364: 2022 | D364: 0,4 | E364: 88 | F364: 15 | G364: 75.98185
A365: 2.3.1.4.1.1 | B365: Реконструкция ВЛ-0,4 кВ Ф-2 от ТП-63/171 ВЛ-10 кВ Ф-171 ПС Южная для технологического присоединения энергопринимающих устройств жилого дома по ул. Молодежная, 40/1, х. Демино | C365: 2022 | D365: 0.4 | E365: 137 | F365: 15 | G365: 111.16141
A366: 2.3.1.4.1.1 | B366: Реконструкция ВЛ-0,4 кВ Ф-1 от ТП-22/135 ВЛ-10 кВ Ф-135 ПС Промкомплекс для технологического присоединения энергопринимающих устройств жилого дома по ул. Полевая, 159А, с. Верхнерусское | C366: 2022 | D366: 0,4 | E366: 167 | F366: 5 | G366: 187.658
...

Sheet 28а) РТУ ПР2
E1: Приложение № 2 к Методическим указаниям по определению размера платы за технологическое присоединение к электрическим сетям
A2: Расходы на выполнение мероприятий по технологическому присоединению, предусмотренным подпунктами «а» и «в» пункта 16 Методических указаний, за 2021 год
A3: № п/п | B3: Наименование мероприятий | C3: Информация для расчета стандартизированной тарифной ставки Ci | F3: Расходы на одно присоединение (руб. на одно ТП)
C4: Расходы по каждому мероприятию (руб.) | D4: Количество технологических присоединений (шт.) | E4: Объем максимальной мощности (кВт)
A5: 1 | B5: 2 | C5: 3 | D5: 4 | E5: 5 | F5: 6
A6: 1. | B6: Подготовка и выдача сетевой организацией технических условий Заявителю | C6: ='[3]прил 2 (2021)'!C7 -> 29873521 | D6: ='[3]прил 2 (2021)'!D7 -> 3426 | E6: ='[3]прил 2 (2021)'!E7 -> 325882.41 | F6: =C6/D6 -> 8719.65
A7: 2. | B7: Проверка сетевой организацией выполнения технических условий Заявителем
A8: 2.1. | B8: Выдача сетевой организацией акта об осуществлении технологического присоединения Заявителям, указанным в абзаце восьмом пункта 24 Методических указаний по определению размера платы за технологическое присоединение к электрическим сетям | C8: ='[3]прил 2 (2021)'!C9 -> 12975814 | D8: ='[3]прил 2 (2021)'!D9 -> 3252 | E8: ='[3]прил 2 (2021)'!E9 -> 37236.35 | F8: =C8/D8 -> 3990.1028
A9: 2.2. | B9: Проверка сетевой организацией выполнения технических условий Заявителями, указанными в абзаце девятом пункта 24 Методических указаний по определению размера платы за технологическое присоединение к электрическим сетям | C9: ='[3]прил 2 (2021)'!C10 -> 1317769.1 | D9: ='[3]прил 2 (2021)'!D10 -> 174 | E9: ='[3]прил 2 (2021)'!E10 -> 288646.06 | F9: =C9/D9 -> 7573.3854
A10: Расходы на выполнение мероприятий по технологическому присоединению, предусмотренным подпунктами «а» и «в» пункта 16 Методических указаний, за 2022 год
A11: № п/п | B11: Наименование мероприятий | C11: Информация для расчета стандартизированной тарифной ставки Ci | F11: Расходы на одно присоединение (руб. на одно ТП)
C12: Расходы по каждому мероприятию (руб.) | D12: Количество технологических присоединений (шт.) | E12: Объем максимальной мощности (кВт)
A13: 1 | B13: 2 | C13: 3 | D13: 4 | E13: 5 | F13: 6
A14: 1. | B14: Подготовка и выдача сетевой организацией технических условий Заявителю | C14: ='[3]прил 2 (2022)'!C7 -> 39064475 | D14: ='[3]прил 2 (2022)'!D7 -> 4287 | E14: ='[3]прил 2 (2022)'!E7 -> 465160.16 | F14: =C14/D14 -> 9112.3104
A15: 2. | B15: Проверка сетевой организацией выполнения технических условий Заявителем
A16: 2.1. | B16: Выдача сетевой организацией акта об осуществлении технологического присоединения Заявителям, указанным в абзаце восьмом пункта 24 Методических указаний по определению размера платы за технологическое присоединение к электрическим сетям | C16: ='[3]прил 2 (2022)'!C9 -> 16898173 | D16: ='[3]прил 2 (2022)'!D9 -> 4040 | E16: ='[3]прил 2 (2022)'!E9 -> 54896.4 | F16: =C16/D16 -> 4182.7162
A17: 2.2. | B17: Проверка сетевой организацией выполнения технических условий Заявителями, указанными в абзаце девятом пункта 24 Методических указаний по определению размера платы за технологическое присоединение к электрическим сетям | C17: ='[3]прил 2 (2022)'!C10 -> 1960707.3 | D17: ='[3]прил 2 (2022)'!D10 -> 247 | E17: ='[3]прил 2 (2022)'!E10 -> 410263.76 | F17: =C17/D17 -> 7938.0862
A18: Расходы на выполнение мероприятий по технологическому присоединению, предусмотренным подпунктами «а» и «в» пункта 16 Методических указаний, за 2023 год
A19: № п/п | B19: Наименование мероприятий | C19: Информация для расчета стандартизированной тарифной ставки Ci | F19: Расходы на одно присоединение (руб. на одно ТП)
C20: Расходы по каждому мероприятию (руб.) | D20: Количество технологических присоединений (шт.) | E20: Объем максимальной мощности (кВт)
A21: 1 | B21: 2 | C21: 3 | D21: 4 | E21: 5 | F21: 6
A22: 1. | B22: Подготовка и выдача сетевой организацией технических условий Заявителю | C22: ='[4]прил 2 (2023)'!$C$7 -> 36341803 | D22: ='[4]прил 2 (2023)'!$D$7 -> 3609 | E22: ='[4]прил 2 (2023)'!$E$7 -> 410902.83 | F22: ='[4]прил 2 (2023)'!$F$7 -> 10069.771
A23: 2. | B23: Проверка сетевой организацией выполнения технических условий Заявителем
A24: 2.1. | B24: Выдача сетевой организацией акта об осуществлении технологического присоединения Заявителям, указанным в абзаце восьмом пункта 24 Методических указаний по определению размера платы за технологическое присоединение к электрическим сетям | C24: ='[4]прил 2 (2023)'!$C$9 -> 15388656 | D24: ='[4]прил 2 (2023)'!$D$9 -> 3333 | E24: ='[4]прил 2 (2023)'!$E$9 -> 38432.83 | F24: ='[4]прил 2 (2023)'!$F$9 -> 4617.0585
A25: 2.2. | B25: Проверка сетевой организацией выполнения технических условий Заявителями, указанными в абзаце девятом пункта 24 Методических указаний по определению размера платы за технологическое присоединение к электрическим сетям | C25: ='[4]прил 2 (2023)'!$C$10 -> 2952824.1 | D25: ='[4]прил 2 (2023)'!$D$10 -> 276 | E25: ='[4]прил 2 (2023)'!$E$10 -> 372470 | F25: ='[4]прил 2 (2023)'!$F$10 -> 10698.638

Sheet 28 б) reshenie_tarif_2024
A1: Информация о решении органа исполнительной власти субъекта Российской Федерации в области государственного регулирования тарифов об установлении единых для всех территориальных сетевых организаций на территории субъекта Российской Федерации стандартизированных тарифных ставок, определяющих величину платы за технологическое присоединение к электрическим сетям территориальных сетевых организаций
A2: № | B2: Вид документа | C2: Наименование документа | D2: Реквизиты решения
B3: Постановление Региональной тарифной комиссии Ставропольского края | C3: Об установлении стандартизированных тарифных ставок и формул для расчета размера платы за технологическое присоединение энергопринимающих устройств заявителей к объектам электросетевого хозяйства территориальных сетевых организаций Ставропольского края на 2024 год | D3: № 82/7 от 25.12.2023
B4: Постановление Региональной тарифной комиссии Ставропольского края | C4: Об установлении стоимости льготной ставки за 1 кВт запрашиваемой максимальной мощности для расчета размера платы за технологическое присоединение энергопринимающих устройств заявителей к объектам электросетевого хозяйства территориальных сетевых организаций Ставропольского края на 2024 год | D4: № 82/8 от 25.12.2023
B5: Постановление Региональной тарифной комиссии Ставропольского края | C5: О внесении изменений в таблицу 2 приложения 1 к постановлению региональной тарифной комиссии Ставропольского края от 25 ноября 2022 г. № 84/1 "Об установлении стандартизированных тарифных ставок, и формул для расчета размера платы за технологическое присоединение энергопринимающих устройств заявителей к объектам электросетевого хозяйства территориальных сетевых организаций Ставропольского края на период с 01 декабря 2022 года по 31 декабря 2023 год " | D5: № 2/1 от 18.01.2023
B6: Постановление Региональной тарифной комиссии Ставропольского края | C6: О внесении изменений в таблицу 2 приложения 1 к постановлению региональной тарифной комиссии Ставропольского края от 25 ноября 2022 г. № 84/1 "Об установлении стандартизированных тарифных ставок, и формул для расчета размера платы за технологическое присоединение энергопринимающих устройств заявителей к объектам электросетевого хозяйства территориальных сетевых организаций Ставропольского края на период с 01 декабря 2022 года по 31 декабря 2023 год " | D6: № 12/1 от 10.03.2023
B7: Постановление Региональной тарифной комиссии Ставропольского края | C7: О внесении изменений в таблицу 2 приложения 1 к постановлению региональной тарифной комиссии Ставропольского края от 25 декабря 2023 г. № 82/7 "Об установлении стандартизированных тарифных ставок и формул для расчета размера платы за технологическое присоединение энергопринимающих устройств заявителей к объектам электросетевого хозяйства территориальных сетевых организаций Ставропольского края на 2024 год | D7: № 3/1 от 26.01.2024
B8: Постановление Региональной тарифной комиссии Ставропольского края | C8: О внесении изменений в таблицу 2 приложения 1 к постановлению Региональной тарифной комиссии Ставропольского края от 25 декабря 2023 г. № 82/7 "Об установлении стандартизированных тарифных ставок и формул для расчета размера платы за технологическое присоединение энергопринимающих устройств заявителей к объектам электросетевого хозяйства территориальных сетевых организаций Ставропольского края на 2024 год | D8: № 5/3 от 05.02.2024
B9: Постановление Региональной тарифной комиссии Ставропольского края | C9: О внесении изменений в таблицу 2 приложения 1 к постановлению Региональной тарифной комиссии Ставропольского края от 25 декабря 2023 г. № 82/7 "Об установлении стандартизированных тарифных ставок и формул для расчета размера платы за технологическое присоединение энергопринимающих устройств заявителей к объектам электросетевого хозяйства территориальных сетевых организаций Ставропольского края на 2024 год | D9: № 16/1 от 03.04.2024
B10: Постановление Региональной тарифной комиссии Ставропольского края | C10: О внесении изменений в таблицу 2 приложения 1 к постановлению Региональной тарифной комиссии Ставропольского края от 25 декабря 2023 г. № 82/7 "Об установлении стандартизированных тарифных ставок и формул для расчета размера платы за технологическое присоединение энергопринимающих устройств заявителей к объектам электросетевого хозяйства территориальных сетевых организаций Ставропольского края на 2024 год | D10: № 37/2 от 27.06.2024

Sheet 28 в) srednie_dannie_fact_mosh
D1: Приложение 2
D2: к стандартам раскрытия информации субъектами оптового и розничных рынков электрической энергии
C4: ИНФОРМАЦИЯ
C5: о фактических средних данных о присоединенных объемах
C6: максимальной мощности за 3 предыдущих года
C7: по каждому мероприятию
D9: Фактические расходы на строительство подстанций за 3 предыдущих года (тыс. рублей) | E9: Объем мощности, введенной в основные фонды за 3 предыдущих года (кВт)
B10: 1. | C10: Строительство пунктов секционирования (распределенных пунктов) | D10: ='28а) ПР1'!G7422 -> 50531.565 | E10: ='28а) ПР1'!F7422 -> 16414
B11: 2. | C11: Строительство комплектных трансформаторных подстанций и распределительных трансформаторных подстанций с уровнем напряжения до 35 кВ | D11: ='28а) ПР1'!G7434 -> 106367.42 | E11: ='28а) ПР1'!F7434 -> 16233.83
B12: 3. | C12: Строительство центров питания и подстанций уровнем напряжения 35 кВ и выше

Sheet 28 г) srednie_dannie_dline_VL
E1: Приложение 3
E2: к стандартам раскрытия информации субъектами оптового и розничных рынков электрической энергии
C4: ИНФОРМАЦИЯ
C5: о фактических средних данных о длине линий электропередачи
C6: и об объемах максимальной мощности построенных объектов
C7: за 3 предыдущих года по каждому мероприятию
D9: Расходы на строительство воздушных и кабельных линий электропередачи на i-м уровне напряжения, фактически построенных за последние 3 года (тыс. рублей) | E9: Длина воздушных и кабельных линий электропередачи на i-м уровне напряжения, фактически построенных за последние 3 года (км) | F9: Объем максимальной мощности, присоединенной путем строительства воздушных или кабельных линий за последние 3 года (кВт)
B10: 1. | C10: Строительство кабельных линий электропередачи: | D10: =SUM(D11:D13) -> 21788.906 | E10: =SUM(E11:E13) -> 3.107 | F10: =SUM(F11:F13) -> 30380
C11: 0,4 кВ
C12: 1 - 20 кВ | D12: ='28а) ПР1'!G7389 -> 21788.906 | E12: ='28а) ПР1'!E7389/1000 -> 3.107 | F12: ='28а) ПР1'!F7389 -> 30380
C13: 35 кВ
B14: 2. | C14: Строительство воздушных линий электропередачи: | D14: =SUM(D15:D17) -> 257490 | E14: =SUM(E15:E17) -> 173.67961 | F14: =SUM(F15:F17) -> 58494.4
C15: 0,4 кВ | D15: ='28а) ПР1'!G7329 -> 130754.3 | E15: ='28а) ПР1'!E7329/1000 -> 117.12371 | F15: ='28а) ПР1'!F7329 -> 15856.1
C16: 1 - 20 кВ | D16: ='28а) ПР1'!G7330 -> 99239.25 | E16: ='28а) ПР1'!E7330/1000 -> 53.7049 | F16: ='28а) ПР1'!F7330 -> 20639.8
C17: 35 кВ | D17: ='28а) ПР1'!G7331 -> 27496.454 | E17: ='28а) ПР1'!E7331/1000 -> 2.851 | F17: ='28а) ПР1'!F7331 -> 21998.5
E20: =E18-E19 -> 0

Sheet 28 д) info_TP_2024
J1: Приложение 4
J2: к стандартам раскрытия информации субъектами оптового и розничных рынков электрической энергии
C4: ИНФОРМАЦИЯ
C5: об осуществлении технологического присоединения
C6: по договорам, заключенным за текущий год (6 месяцев 2024 года)
B8: Категория заявителей | D8: Количество договоров (штук) | G8: Максимальная мощность (кВт) | J8: Стоимость договоров (без НДС) (тыс. рублей)
D9: 0,4 кВ | E9: 1 - 20 кВ | F9: 35 кВ и выше | G9: 0,4 кВ | H9: 1 - 20 кВ | I9: 35 кВ и выше | J9: 0,4 кВ | K9: 1 - 20 кВ | L9: 35 кВ и выше
B10: 1. | C10: До 15 кВт - всего | D10: 1782 | E10: 7 | F10: 0 | G10: 18241.16 | H10: 52 | I10: 0 | J10: 56748.773 | K10: 190.58233 | L10: 0
C11: в том числе льготная категория <*> | D11: 0 | E11: 0 | F11: 0 | G11: 0 | H11: 0 | I11: 0 | J11: 0 | K11: 0 | L11: 0
B12: 2. | C12: От 15 до 150 кВт - всего | D12: 116 | E12: 39 | F12: 1 | G12: 6189.92 | H12: 4061.8 | I12: 150 | J12: 15124.169 | K12: 6048.3659 | L12: 42.79059
C13: в том числе льготная категория <**> | D13: 0 | E13: 0 | F13: 0 | G13: 0 | H13: 0 | I13: 0 | J13: 0 | K13: 0 | L13: 0
B14: 3. | C14: От 150 кВт до 670 кВт - всего | D14: 8 | E14: 42 | F14: 0 | G14: 2530 | H14: 14258.7 | I14: 0 | J14: 12966.631 | K14: 6381.7979 | L14: 0
C15: в том числе по индивидуальному проекту | D15: 0 | E15: 0 | F15: 0 | G15: 0 | H15: 0 | I15: 0 | J15: 0 | K15: 0 | L15: 0
B16: 4. | C16: От 670 кВт - всего | D16: 2 | E16: 41 | F16: 1 | G16: 2371.4 | H16: 80668.8 | I16: 3000 | J16: 126100.77 | K16: 37481.693 | L16: 1656.507
C17: в том числе по индивидуальному проекту | D17: 0 | E17: 0 | F17: 0 | G17: 0 | H17: 0 | I17: 0 | J17: 0 | K17: 0 | L17: 0
B19: <*> Заявители, оплачивающие технологическое присоединение своих энергопринимающих устройств в размере не более 550 рублей.
B21: <**> Заявители - юридические лица или индивидуальные предприниматели, заключившие договор об осуществлении технологического присоединения по одному источнику электроснабжения энергопринимающих устройств максимальной мощностью свыше 15 и до 150 кВт включительно (с учетом ранее присоединенных энергопринимающих устройств), у которых в договоре предусматривается беспроцентная рассрочка платежа за технологическое присоединение в размере 95 процентов платы за технологическое присоединение с условием ежеквартального внесения платы равными долями от общей суммы рассрочки до 3 лет со дня подписания сторонами акта об осуществлении технологического присоединения.

Sheet 28 е) info_zayavki_TP_2024
G1: Приложение 5
G2: к стандартам раскрытия информации субъектами оптового и розничных рынков электрической энергии
C3: ИНФОРМАЦИЯ
C4: о поданных заявках на технологическое присоединение
C5: за текущий год (6 месяцев 2024 год)
B6: Категория заявителей | D6: Количество заявок (штук) | G6: Максимальная мощность (кВт)
D7: 0,4 кВ | E7: 1 - 20 кВ | F7: 35 кВ и выше | G7: 0,4 кВ | H7: 1 - 20 кВ | I7: 35 кВ и выше
B8: 1. | C8: До 15 кВт - всего | D8: 2856 | E8: 27 | F8: 0 | G8: 29903.27 | H8: 273.96 | I8: 0
C9: в том числе льготная категория <*> | D9: 0 | E9: 0 | F9: 0 | G9: 0 | H9: 0 | I9: 0
B10: 2. | C10: От 15 до 150 кВт - всего | D10: 204 | E10: 64 | F10: 0 | G10: 11114.42 | H10: 6113.5 | I10: 0
C11: в том числе льготная категория <**> | D11: 0 | E11: 0 | F11: 0 | G11: 0 | H11: 0 | I11: 0
B12: 3. | C12: От 150 кВт до 670 кВт - всего | D12: 18 | E12: 77 | F12: 0 | G12: 5649.8 | H12: 25877.2 | I12: 0
C13: в том числе по индивидуальному проекту | D13: 0 | E13: 0 | F13: 0 | G13: 0 | H13: 0 | I13: 0
B14: 4. | C14: От 670 кВт - всего | D14: 3 | E14: 47 | F14: 6 | G14: 4767.4 | H14: 91969.8 | I14: 135060
C15: в том числе по индивидуальному проекту | D15: 0 | E15: 0 | F15: 0 | G15: 0 | H15: 0 | I15: 0
B17: <*> Заявители, оплачивающие технологическое присоединение своих энергопринимающих устройств в размере не более 550 рублей.
B19: <**> Заявители - юридические лица или индивидуальные предприниматели, заключившие договор об осуществлении технологического присоединения по одному источнику электроснабжения энергопринимающих устройств максимальной мощностью свыше 15 и до 150 кВт включительно (с учетом ранее присоединенных энергопринимающих устройств), у которых в договоре предусматривается беспроцентная рассрочка платежа за технологическое присоединение в размере 95 процентов платы за технологическое присоединение с условием ежеквартального внесения платы равными долями от общей суммы рассрочки до 3 лет со дня подписания сторонами акта об осуществлении технологического присоединения.
